 Dungeon Crawl Stone Soup version 0.29.1-2-gbd0b4ee654 (webtiles) character file.

Game seed: 1576859089694937541

245 safid the Shooter (level 5, -6/48 HPs)
             Began as a Minotaur Hunter on Nov 30, 2022.
             Was a Follower of Okawaru.
             Succumbed to their own poison gas
             ... on level 4 of the Dungeon.
             The game lasted 00:06:18 (3197 turns).

safid the Shooter (Minotaur Hunter)                 Turns: 3197, Time: 00:06:19

Health: -6/48      AC:  9    Str: 15    XL:     5   Next: 84%
Magic:  4/4        EV: 10    Int:  6    God:    Okawaru [*.....]
Gold:   217        SH:  0    Dex: 16    Spells: 4/4 levels left

rFire   . . .      SeeInvis .   a - +0 shortbow
rCold   . . .      Faith    .   (shield currently unavailable)
rNeg    . . .      Spirit   .   j - +0 scale mail
rPois   .          Reflect  .   (helmet restricted)
rElec   .          Harm     .   (no cloak)
rCorr   .          Rampage  .   m - +1 pair of gloves
Will    .....                   k - +0 pair of boots
Stlth   ..........              (no amulet)
HPRegen 0.16/turn               (no ring)
MPRegen 0.09/turn               (no ring)

@: lethally poisoned (-6 -> -32), about to teleport
A: horns 2, retaliatory headbutt
a: Renounce Religion, Heroism


You were on level 4 of the Dungeon.
You worshipped Okawaru.
Okawaru was aware of your devotion.
You visited 1 branch of the dungeon, and saw 4 of its levels.

You collected 217 gold pieces.

Inventory:

Hand Weapons
 a - a +0 shortbow (weapon)
Missiles
 p - a throwing net
Armour
 j - a +0 scale mail (worn)
 k - a +0 pair of boots (worn)
 m - a +1 pair of gloves (worn)
Jewellery
 n - a ring of wizardry
Scrolls
 b - a scroll of vulnerability {unknown}
 c - a scroll of blinking {unknown}
 e - 4 scrolls of teleportation
 f - a scroll of poison
 g - a scroll of enchant armour {unknown}
 h - 3 scrolls of identify
 l - 2 scrolls of enchant weapon {unknown}
 o - a scroll of fog {unknown}
Potions
 d - 2 potions of mutation {unknown}
 i - 2 potions of curing {unknown}
 q - 2 potions of lignification {unknown}
 r - a potion of heal wounds {unknown}
 s - 2 potions of flight {unknown}


   Skills:
 + Level 5.5 Fighting
 + Level 6.3 Ranged Weapons
 - Level 2.1 Dodging
 - Level 0.7 Stealth


You had 4 spell levels left.
You didn't know any spells.
Your spell library contained the following spells:

 Spells                   Type           Power      Damage    Failure   Level
 Magic Dart               Conj           0%         1d3       91%         1
 Blink                    Tloc           0%         N/A       97%         2
 Searing Ray              Conj           0%         2d4       97%         2
 Lesser Beckoning         Tloc           0%         N/A       99%         3
 Fulminant Prism          Conj/Hex       0%         3d6       100%        4
 Manifold Assault         Tloc           0%         N/A       100%        5


Dungeon Overview and Level Annotations

Branches:
Dungeon (4/15)             Temple (0/1) D:4

Altars:
Okawaru

Shops:
D:2 :

Annotations:
D:4 2 transporters, Ascent's ghost, weakling DsNe


Innate Abilities, Weirdness & Mutations

You have a pair of horns on your head.
You reflexively headbutt those who attack you in melee.


Message History

You shoot an arrow. The arrow closely misses the phantom.
The arrow completely misses the orc.
The arrow barely misses the orc priest.
The arrow closely misses the orc wizard.
The phantom hits you but does no damage.
The phantom closely misses you. You furiously retaliate!
You headbutt the phantom.
The air fills with toxic fumes!
As you read the scroll labelled LISOGY DUXZY, it crumbles to dust.
It was a scroll of poison.
The phantom misses you. You furiously retaliate!
You headbutt the phantom.
As you read the scroll labelled AFIGER ESAPNEGI, it crumbles to dust.
It is a scroll of identify.
e - 5 scrolls of teleportation The phantom hits you but does no damage.
As you read the scroll of teleportation, it crumbles to dust.
You feel strangely unstable.
The phantom hits you but does no damage.
Fire: a) +0 shortbow
Press: ? - help, Q - select action, (/) - cycle Shift-Dir - straight line, f/p - phantom
Aim: a phantom (almost destroyed, 56% to hit)
You shoot an arrow.
The arrow completely misses the phantom.
The arrow hits the orc.
The orc is heavily wounded.
You hear a shout!
The phantom hits you.
The phantom blinks!
You blink.
An orc priest comes into view. It is wielding a +0 flail.
The orc priest hits you with a +0 flail!
* * * LOW HITPOINT WARNING * * *
Fire: a) +0 shortbow
Press: ? - help, Q - select action, (/) - cycle Shift-Dir - straight line, f/p - phantom
Aim: a phantom (poison gas, almost destroyed, 56% to hit)
You shoot an arrow. The arrow closely misses the phantom.
The arrow hits the orc.
The orc is heavily wounded.
You are engulfed in poison gas.
You are lethally poisoned!
* * * LOW HITPOINT WARNING * * *
You die...

.... #.#.......#.## #.##
#....#............# #.##
#...#...>...#....###.##
#............##.......
##.#.......#.##.###.##
#...........# #.##
#.#.#.#.#.#.# #...
#...§.oo.o..# ######
...#.#@W§o.#### ......
...?..#o#☼§o##########..
..o.....#.ooo§§.|.......
......#####.##########..
...#. ...# #.# . # #...#
#.# ...### #.# ###. #..
#. ###


You could see a phantom, 4 orc priests, an orc wizard and 4 orcs.

Vanquished Creatures
  2 orc priests (D:3)
  An orc wizard (D:3)
  7 adders
  7 orcs (D:3)
  3 endoplasms
  A giant cockroach (D:1)
  7 hobgoblins
  7 quokkas
  10 ball pythons
  6 bats
  4 frilled lizards
  6 goblins
  12 kobolds
  3 rats
76 creatures vanquished.

Vanquished Creatures (others)
  An orc wizard (D:3)
  A fungus (D:1)
  2 plants (D:1)
4 creatures vanquished.

Grand Total: 80 creatures vanquished

Notes
Turn   | Place    | Note
-------+----------+-------------------------------------------
     0 | D:1      | safid the Minotaur Hunter began the quest for the Orb.
     0 | D:1      | Reached XP level 1. HP: 18/18 MP: 0/0
   128 | D:1      | Reached XP level 2. HP: 19/25 MP: 1/1
   548 | D:1      | Reached skill level 5 in Ranged Weapons
   548 | D:1      | Reached XP level 3. HP: 31/31 MP: 2/2
   719 | D:1      | Found a faded altar of an unknown god.
   850 | D:2      | Found Fusaubbe's Book Emporium.
   950 | D:2      | Found an iron altar of Okawaru.
   961 | D:2      | Became a worshipper of Warmaster Okawaru
  1277 | D:2      | Reached XP level 4. HP: 30/40 MP: 3/3
  1940 | D:3      | Found an iron altar of Okawaru.
  2167 | D:3      | Reached XP level 5. HP: 46/47 MP: 4/4
  2171 | D:3      | Reached skill level 5 in Fighting
  2171 | D:3      | Reached skill level 6 in Ranged Weapons
  2866 | D:4      | Found a transporter.
  2983 | D:4      | Found a transporter.
  2983 | D:4      | Noticed Ascent's ghost (weakling DsNe)
  3047 | D:4      | Identified the +1 chain mail of Nuubiq {Str+3 Stlth+}
  3173 | D:4      | Noticed a phantom
  3178 | D:4      | Found a staircase to the Ecumenical Temple.
  3190 | D:4      | Reached * piety under Okawaru
  3197 | D:4      | HP: 2/48 [cloud of poison gas (7)]
  3197 | D:4      | Succumbed to their own poison gas

Illustrated notes

Levels and vault maps discovered:
D:1:      ncdulo_lavacross, layout_loops_ring,
          shapermc_ecumenical_altar_mp_ritualfount
D:2:      layout_rooms, serial_shops, shop, basic_altar
D:3:      layout_loops_ring, amcnicky_altar_gilded, reono_crystal_passage
D:4:      layout_loops_corners, minmay_temple_entry_glass,
          gammafunk_ghost_mausoleum

Skill      XL: |  1  2  3  4  5 |
---------------+----------------+-----
Fighting       | 3 4 5 |  5.5
Ranged Weapons | 5 6 |  6.3
Dodging        | |  2.1
Stealth        | |  0.7

Action                   |  1- 3 |  4- 6 || total
-------------------------+-------+-------++-------
 Fire: Shortbow          |   128 |    95 ||   223
  Use: Scroll            |       |     3 ||     3
Armor: Leather armour    |     9 |       ||     9
       Scale mail        |     5 |    47 ||    52
Dodge: Dodged            |    53 |    39 ||    92
